Map: Parasitismo LE

Players

Draake - Winner!

  • Race: Protoss Protoss
  • Spawn Location: 11:00

Vicster

  • Race: Terran Terran
  • League: Gold
  • Spawn Location: 5:00

VOD

Have the link to the VOD?

Description

Time

  • Played on: Jan. 10, 2019, 1:50 p.m.
  • Length: 18:07
Show
View Real Time Build Order
Export as new Build Order

Draake Protoss - Winner!

Build Orders: 1 Gate Expand 

Get SALT Encoding   

  12  0:01  Probe  
  13  0:13  Probe  
  14  0:18  Pylon  
  14  0:25  Probe  
  15  0:37  Probe  
  16  0:43  Gateway  
  16  0:45  Probe  
  16  0:46  Assimilator  
  17  0:53  Probe  
  17  1:03  Probe  
  19  1:16  Probe  
  20  1:28  Probe  
  20  1:31  Cybernetics Core  
  21  1:40  Nexus  
  21  1:46  Pylon  
  21  1:53  Probe, Assimilator  
  22  1:57  Warp Gate  
  22  2:03  Gateway  
  22  2:09  Probe  
  23  2:19  Stalker  
  25  3:01  Probe  
  25  3:02  Stalker  
  25  3:03  Stalker  
  30  3:11  Probe  
  31  3:13  Probe  
  32  3:23  Probe  
  32  3:25  Probe  
  34  3:36  Probe, Pylon  
  34  3:37  Probe  
  34  3:38  Robotics Facility  
  36  3:54  Gateway  
  36  3:55  Pylon  
  36  3:56  Probe x2  
  36  3:59  Assimilator  
  36  4:02  Stalker x2  
  42  4:08  Probe x2  
  44  4:15  Forge  
  44  4:19  Observer  
  44  4:20  Probe  
  44  4:22  Twilight Council  
  45  4:30  Probe  
  47  4:32  Probe  
  47  4:36  Pylon  
  48  4:43  Probe, Blink  
  49  4:51  Probe  
  50  4:55  Probe, Photon Cannon  
  51  5:03  Photon Cannon  
  51  5:06  Probe, Photon Cannon  
  52  5:07  Probe, Stalker  
  52  5:10  Adept  
  52  5:14  Adept  
  59  5:18  Probe  
  60  5:26  Assimilator  
  60  5:30  Shield Battery  
  60  5:31  Shield Battery  
  60  5:32  Shield Battery  
  60  5:34  Probe  
  60  5:35  Probe, Photon Cannon  
  62  6:05  Nexus  
  62  6:06  Pylon  
  62  6:10  Protoss Ground Weapons Level 1  
  62  6:11  Pylon  
  62  6:25  Stalker x3  
  68  6:33  Gateway  
  68  6:34  Warp Prism  
  68  6:37  Gateway  
  68  6:38  Gateway  
  68  6:40  Gateway  
  68  6:41  Gateway  
  70  6:47  Probe  
  70  6:48  Probe  
  72  6:55  Stalker x2  
  72  6:57  Stalker  
  77  7:08  Pylon  
  77  7:20  Immortal  
  77  7:23  Probe x3  
  80  7:33  Assimilator  
  80  7:35  Probe x3  
  87  7:37  Assimilator  
  87  7:39  Robotics Bay  
  87  7:42  Photon Cannon, Stalker  
  87  7:43  Stalker  
  91  7:50  Probe  
  92  7:55  Photon Cannon  
  92  7:57  Photon Cannon  
  92  7:58  Shield Battery  
  92  8:01  Probe x2  
  94  8:11  Adept x2  
  98  8:14  Probe x3  
  101  8:26  Probe x3  
  104  8:55  Adept x2  
  96  9:26  Stalker x4  
  96  9:27  Stalker x2  
  108  9:31  Shield Battery  
  108  9:41  Nexus  
  108  9:43  Pylon  
  108  9:45  Robotics Facility, Pylon  
  108  9:46  Robotics Facility  
  108  9:48  Robotics Facility  
  108  9:49  Assimilator  
  108  9:52  Templar Archives  
  108  9:53  Colossus, Assimilator, Protoss Ground Weapons Level 2  
  108  9:58  Charge  
  108  10:05  Pylon  
  108  10:06  Forge  
  114  10:07  Pylon  
  114  10:11  Pylon  
  114  10:13  Zealot x5  
  114  10:14  Pylon  
  124  10:30  Probe  
  124  10:31  Probe x2  
  127  10:38  Gateway x2  
  127  10:40  Gateway  
  127  10:42  Gateway  
  127  10:45  Photon Cannon  
  127  10:46  Colossus  
  127  10:47  Photon Cannon  
  127  10:49  Pylon  
  105  11:27  High Templar  
  105  11:28  High Templar x3  
  105  11:30  Zealot x3  
  105  11:31  Stalker  
  121  11:41  Archon x2  
  85  12:18  Zealot x2  
  85  12:19  Zealot x2  
  85  12:20  Stalker x3  
  85  12:21  Stalker  
  91  12:36  Zealot x3  
  88  12:39  High Templar x4  
  88  12:43  High Templar x2  
  88  12:44  High Templar x2  
  102  12:45  Archon  
  102  12:46  Archon  
  92  13:01  Colossus x3, Archon x2  
  92  13:06  Stalker x3  
  116  13:23  Probe x4  
  120  13:30  Shield Battery  
  120  13:33  Shield Battery  
  120  13:35  Probe x4, Shield Battery  
  120  13:36  Shield Battery  
  120  13:37  Protoss Ground Weapons Level 3  
  120  13:39  Photon Cannon, Protoss Ground Armor Level 1  
  120  13:40  Photon Cannon  
  124  13:43  Psionic Storm, Photon Cannon  
  124  13:47  Probe x4, Photon Cannon  
  124  13:48  Gateway  
  128  13:51  Pylon  
  128  13:53  Pylon  
  128  13:55  Pylon  
  128  13:59  Probe x2  
  130  14:12  Stalker x3  
  130  14:13  Stalker x2  
  130  14:15  Stalker  
  142  14:18  Zealot x3  
  142  14:19  Zealot x2  
  152  14:41  Pylon  
  152  14:45  Assimilator  
  152  15:05  Nexus  
  152  15:09  Assimilator  
  152  15:13  Assimilator  
  152  15:15  Nexus  
  152  15:18  Assimilator  
  152  15:22  Assimilator  
  152  15:24  Stalker x3  
  152  15:26  Pylon  
  152  15:28  Pylon  
  158  15:30  Pylon  
  157  15:37  Stalker x7  
  157  15:38  Stalker x2  
  153  16:00  High Templar  
  153  16:12  High Templar x3  
  153  16:13  High Templar x2  
  153  16:14  High Templar  
  158  16:28  Zealot  
  158  16:29  Zealot x2  
  145  16:53  Stalker x2  
  145  16:54  Stalker x5  
  155  17:10  Probe x2  
  155  17:11  Probe  
  155  17:12  Probe x2  
  160  17:18  Probe  
  160  17:20  Probe  
  161  17:23  Probe  
  161  17:24  Probe  
  161  17:29  Probe  
  159  17:42  Probe  
  154  17:54  Probe  
  154  17:58  Stalker x6  
  155  17:59  Stalker  
Show
View Real Time Build Order
Export as new Build Order

Vicster Terran 

Build Orders: Reaper Expand 

Get SALT Encoding   

  12  0:01  SCV  
  13  0:13  SCV  
  14  0:17  Supply Depot  
  14  0:25  SCV  
  15  0:39  SCV  
  16  0:43  Barracks  
  16  0:49  Refinery  
  16  0:51  SCV  
  17  1:03  SCV  
  18  1:15  SCV  
  19  1:29  Orbital Command  
  19  1:33  Reaper  
  20  1:43  Command Center  
  20  1:59  SCV  
  21  2:10  Factory  
  21  2:11  SCV  
  22  2:16  Supply Depot  
  22  2:24  SCV  
  22  2:27  Barracks Reactor  
  23  2:59  SCV  
  23  3:01  Orbital Command  
  23  3:06  Factory Tech Lab  
  23  3:07  Marine x2  
  23  3:11  SCV  
  26  3:17  Starport  
  26  3:18  Refinery  
  26  3:22  Barracks  
  26  3:23  SCV  
  26  3:24  Barracks  
  26  3:35  SCV  
  27  3:44  Bunker  
  27  3:47  SCV  
  28  3:48  Supply Depot  
  28  3:51  SCV  
  32  3:55  Siege Tank  
  32  4:06  SCV  
  32  4:08  Marine x2  
  35  4:11  Starport Tech Lab  
  35  4:12  Barracks Tech Lab  
  35  4:13  Barracks Tech Lab  
  35  4:22  Supply Depot  
  35  4:26  SCV, Supply Depot  
  35  4:27  SCV  
  37  4:38  SCV  
  38  4:40  SCV, Siege Tank  
  38  4:41  Marine  
  38  4:42  Marine  
  38  4:44  Marauder  
  46  4:50  SCV  
  46  4:51  Marine  
  46  4:52  SCV  
  49  4:59  Marine x2  
  50  5:01  Medivac  
  50  5:02  SCV  
  50  5:04  SCV  
  50  5:05  Marine  
  56  5:08  Refinery x2  
  56  5:09  Marine  
  57  5:14  SCV  
  57  5:16  SCV  
  57  5:17  Marine  
  60  5:23  Marine  
  60  5:26  SCV  
  62  5:44  Command Center  
  62  5:45  Engineering Bay x2  
  62  5:46  SCV  
  62  5:48  SCV  
  64  5:58  SCV  
  64  6:00  SCV  
  64  6:03  Combat Shield, Stimpack  
  66  6:10  SCV  
  67  6:12  SCV  
  67  6:13  Raven  
  67  6:14  Terran Infantry Weapons Level 1  
  70  6:19  Terran Infantry Armor Level 1  
  70  6:28  Supply Depot  
  70  6:29  Supply Depot  
  70  6:31  Supply Depot  
  70  6:32  Supply Depot  
  70  6:36  Missile Turret  
  70  6:37  Missile Turret  
  70  6:49  Marine x3  
  70  6:50  SCV x2  
  70  6:53  Siege Tank  
  78  6:55  Marauder  
  80  7:02  SCV x2  
  80  7:04  Orbital Command  
  80  7:07  Armory, Marine x3  
  85  7:12  Starport Reactor  
  85  7:14  Barracks, SCV x2  
  87  7:16  Marauder  
  89  7:26  Marauder, SCV x2  
  89  7:27  Supply Depot  
  89  7:29  Siege Tank  
  96  7:31  Marine x2, Orbital Command  
  99  7:37  Marine  
  99  7:38  SCV  
  100  7:49  Marine x2, Supply Depot  
  102  7:52  SCV x2  
  102  7:55  Medivac x2  
  102  7:56  Terran Vehicle Weapons Level 1  
  108  8:03  Barracks  
  108  8:04  SCV x2, Siege Tank  
  113  8:10  SCV  
  114  8:16  SCV  
  115  8:22  SCV  
  115  8:25  Medivac  
  118  8:28  SCV x2  
  120  8:34  SCV  
  120  8:35  Refinery  
  120  8:38  Liberator  
  120  8:40  SCV x2  
  123  8:42  Marine x2, Supply Depot  
  123  8:43  Marine x2  
  123  8:44  Supply Depot, Siege Tank  
  123  8:45  Medivac  
  123  8:46  SCV  
  133  8:55  Barracks Tech Lab  
  133  8:57  Barracks, Liberator  
  133  9:00  Marine x4  
  128  9:18  Marine  
  129  9:35  SCV  
  129  9:36  SCV x2  
  132  9:48  SCV  
  133  9:57  Supply Depot  
  133  9:59  Supply Depot  
  133  10:00  Supply Depot  
  133  10:11  Refinery  
  133  10:18  SCV x2  
  135  10:30  Barracks  
  135  10:32  Barracks x2, Command Center  
  135  10:33  Viking x2  
  139  10:37  Terran Infantry Weapons Level 2  
  139  10:38  Terran Infantry Armor Level 2  
  139  11:01  Command Center  
  139  11:03  Medivac x2  
  116  11:16  Liberator x2  
  116  11:18  SCV x3  
  111  11:30  SCV x3  
  111  11:31  Marine  
  111  11:32  Marine, Marauder x2  
  120  11:33  Siege Tank  
  129  11:41  Barracks Tech Lab  
  129  11:42  Barracks Tech Lab x2  
  129  11:43  Barracks Tech Lab  
  129  11:46  Orbital Command  
  129  11:49  Marine x2  
  129  11:52  Refinery  
  129  11:53  Marauder  
  129  11:54  Marauder  
  135  11:55  Refinery  
  99  12:33  Marine x4, Reaper, Marauder  
  99  12:34  Marauder x3  
  99  12:35  Siege Tank  
  99  12:36  Viking, Medivac  
  111  12:49  Liberator  
  111  12:50  Marine  
  111  12:51  Marine x2, Marauder  
  101  12:54  Marine  
  101  13:04  Marine x2  
  101  13:05  Marine, Marauder  
  96  13:06  Viking  
  96  13:08  Marine  
  96  13:09  Marauder  
  96  13:10  Marauder  
  96  13:12  Marine  
  106  13:30  Orbital Command  
  106  13:32  Liberator  
  106  13:35  Refinery  
  106  13:36  Medivac  
  111  13:56  SCV x5  
  116  14:08  SCV x3  
  116  14:09  SCV  
  118  14:17  SCV  
  118  14:20  SCV x3  
  118  14:21  SCV  
  118  14:22  Marine x3, Reaper  
  118  14:23  Marine x2, Marauder x3  
  135  14:24  Siege Tank  
  135  14:25  Medivac  
  135  14:26  Terran Infantry Weapons Level 3  
  135  14:30  Terran Infantry Armor Level 3  
  140  14:32  Terran Vehicle And Ship Armor Level 1, Medivac  
  140  14:38  Liberator  
  142  14:40  Marine, Refinery  
  142  14:41  Marauder  
  145  15:01  Command Center  
  145  15:02  Medivac  
  147  15:20  Hellion  
  103  15:41  Cyclone  
  91  16:13  Hellion  
  73  16:29  SCV  
  70  16:35  Cyclone  
  66  16:41  SCV  
  65  16:53  SCV  
  66  16:56  Marine  
  66  16:57  Marine x4, Marauder x3  
  66  16:58  Marauder  
  75  17:02  SCV x3  
  75  17:05  SCV  
  75  17:07  Hellion  
  77  17:14  Marine, SCV x3  
  77  17:15  Marine, Marauder x2  
  86  17:16  Marauder, Refinery  
  86  17:18  Marine x2  
  86  17:19  Concussive Shells, Marauder  
  69  17:40  Marine  
  69  17:41  Marine x3, Marauder  
  69  17:42  Marauder x3  
Tags
 
Add a new tag
Caveats
  • Supply blocks, unpowered buildings, or Contaminate may cause inaccurate times.
  • Supply counts are checked every 10 seconds.